AoeStats
← geebo

Golden Pit

509792441Analyzed
1v1 RM · 3d ago on Sep 28, 2026· 18m 44s· 2 players
Game mode
Random Map
Map size
Tiny (2 player)
Population
200
Speed
Normal
Resources
Standard
Victory
Conquest
Starting age
Dark Age
Ending age
Imperial Age
RankedLock teamsTeams togetherTeam positionsShared explorationLock speedFull tech treeHidden civsTurbo modeCheats
Victory
Defeat
🇺🇸 Britons · United States
990
+16
🇺🇸 Malay · United States
991
-16
JuicyJuicer
5:02 Loom
6:43 Loom
6:49 Loom
9:59 Feudal Age
10:36 Double-Bit Axe
14:28 Wheelbarrow
18:31 Fletching
geebo
9:31 Loom
11:26 Feudal Age
12:54 Horse Collar
13:28 Double-Bit Axe
18:32 Fletching
19:04 Padded Archer Armor
Connection lost

Rejoining the realm…

Still unreachable

The connection could not be restored.

Session expired

The server has moved on; the page needs a fresh start.